| 12 | 0:00 | SCV | |
| 13 | 0:12 | SCV | |
| 14 | 0:17 | Supply Depot | |
| 14 | 0:24 | SCV | |
| 15 | 0:38 | SCV | |
| 15 | 0:39 | Barracks | |
| 15 | 0:42 | Refinery | |
| 16 | 0:50 | SCV | |
| 17 | 1:03 | SCV | |
| 18 | 1:15 | SCV | |
| 19 | 1:26 | Reaper | |
| 19 | 1:27 | Orbital Command | |
| 20 | 1:37 | Command Center | |
| 20 | 1:48 | Supply Depot | |
| 20 | 1:52 | SCV | |
| 21 | 1:58 | Marine | |
| 22 | 2:04 | SCV | |
| 23 | 2:16 | Barracks Reactor, SCV | |
| 23 | 2:21 | Command Center | |
| 24 | 2:28 | SCV | |
| 25 | 2:31 | Barracks | |
| 25 | 2:40 | SCV | |
| 26 | 2:46 | Factory | |
| 26 | 2:50 | Orbital Command | |
| 26 | 2:53 | SCV | |
| 26 | 2:55 | Marine x2 | |
| 29 | 3:04 | Refinery | |
| 29 | 3:05 | SCV | |
| 30 | 3:13 | Marine x2 | |
| 30 | 3:17 | SCV | |
| 30 | 3:19 | Barracks Tech Lab | |
| 30 | 3:21 | Orbital Command | |
| 29 | 3:29 | SCV | |
| 30 | 3:38 | Orbital Command | |
| 30 | 3:39 | Hellion x2 | |
| 30 | 3:40 | Marine | |
| 30 | 3:41 | Marine, SCV | |
| 37 | 3:47 | SCV | |
| 38 | 3:49 | Stimpack | |
| 38 | 3:53 | Supply Depot | |
| 38 | 3:54 | SCV | |
| 39 | 3:58 | Marine x2 | |
| 39 | 4:01 | SCV | |
| 42 | 4:05 | Hellion, SCV | |
| 42 | 4:08 | Hellion | |
| 47 | 4:10 | SCV | |
| 47 | 4:15 | Starport | |
| 47 | 4:16 | SCV | |
| 49 | 4:18 | SCV | |
| 49 | 4:21 | Supply Depot | |
| 50 | 4:27 | Marine | |
| 50 | 4:31 | SCV | |
| 52 | 4:32 | SCV | |
| 52 | 4:34 | Marine x2 | |
| 52 | 4:37 | SCV | |
| 56 | 4:40 | Refinery | |
| 56 | 4:41 | Hellion | |
| 56 | 4:44 | SCV x2 | |
| 56 | 4:45 | Marine | |
| 61 | 4:46 | Supply Depot | |
| 61 | 4:49 | Armory | |
| 61 | 4:51 | Medivac | |
| 63 | 4:53 | Marine x2 | |
| 63 | 4:58 | SCV x3 | |
| 70 | 5:08 | Engineering Bay | |
| 70 | 5:10 | Engineering Bay, SCV | |
| 70 | 5:12 | SCV x2 | |
| 73 | 5:16 | Factory Tech Lab | |
| 73 | 5:18 | Supply Depot | |
| 71 | 5:21 | Medivac | |
| 71 | 5:22 | Supply Depot, SCV | |
| 71 | 5:23 | Marine | |
| 71 | 5:25 | Marine x2 | |
| 77 | 5:30 | Orbital Command, Combat Shield | |
| 77 | 5:33 | SCV | |
| 79 | 5:35 | Refinery | |
| 79 | 5:37 | Siege Tank | |
| 81 | 5:43 | Supply Depot | |
| 81 | 5:44 | SCV | |
| 81 | 5:46 | Terran Infantry Weapons Level 1, Terran Infantry Armor Level 1 | |
| 81 | 5:47 | Marine x3 | |
| 85 | 5:52 | Starport Reactor | |
| 85 | 5:53 | SCV | |
| 86 | 5:58 | SCV | |
| 86 | 5:59 | SCV | |
| 86 | 6:02 | Barracks | |
| 86 | 6:03 | Barracks | |
| 88 | 6:04 | Marine | |
| 88 | 6:05 | SCV | |
| 88 | 6:10 | Siege Tank | |
| 88 | 6:11 | SCV x2 | |
| 95 | 6:13 | Marine x2 | |
| 95 | 6:18 | SCV | |
| 98 | 6:23 | SCV x2 | |
| 98 | 6:26 | Marine | |
| 98 | 6:28 | Medivac x2 | |
| 98 | 6:30 | Supply Depot, Terran Vehicle Weapons Level 1 | |
| 98 | 6:31 | Marine | |
| 102 | 6:33 | Marine | |
| 102 | 6:34 | SCV | |
| 102 | 6:35 | SCV | |
| 102 | 6:38 | SCV | |
| 102 | 6:39 | Supply Depot | |
| 106 | 6:40 | Supply Depot | |
| 106 | 6:44 | Marine | |
| 106 | 6:46 | SCV | |
| 108 | 6:47 | SCV, Barracks | |
| 108 | 6:51 | SCV, Siege Tank | |
| 108 | 6:52 | Barracks Tech Lab x2 | |
| 113 | 6:55 | Marine x2 | |
| 113 | 6:58 | SCV | |
| 113 | 6:59 | SCV | |
| 113 | 7:00 | Medivac | |
| 119 | 7:03 | SCV | |
| 119 | 7:08 | Marine | |
| 121 | 7:11 | Supply Depot | |
| 121 | 7:12 | Refinery | |
| 121 | 7:13 | Marine x2 | |
| 123 | 7:16 | Medivac | |
| 123 | 7:17 | Command Center | |
| 123 | 7:21 | Marauder | |
| 123 | 7:22 | Marauder, Concussive Shells | |
| 129 | 7:26 | Marine | |
| 129 | 7:28 | Factory | |
| 128 | 7:31 | Marine | |
| 128 | 7:34 | Marauder | |
| 128 | 7:35 | SCV | |
| 128 | 7:40 | Barracks Reactor | |
| 128 | 7:42 | Terran Infantry Weapons Level 2, Marine | |
| 128 | 7:43 | Marauder | |
| 130 | 7:44 | Supply Depot | |
| 130 | 7:48 | Marine | |
| 130 | 7:49 | Marine | |
| 130 | 7:50 | Sensor Tower | |
| 133 | 7:51 | SCV x3 | |
| 133 | 7:53 | Refinery | |
| 133 | 7:55 | Drilling Claws, Marine | |
| 133 | 7:56 | Widow Mine | |
| 138 | 8:00 | Marine | |
| 138 | 8:03 | SCV | |
| 138 | 8:04 | Marine | |
| 138 | 8:05 | Barracks | |
| 141 | 8:06 | Barracks | |
| 141 | 8:07 | Barracks | |
| 141 | 8:08 | Supply Depot x2 | |
| 141 | 8:10 | Terran Infantry Armor Level 2 | |
| 141 | 8:11 | Marine x2 | |
| 143 | 8:12 | Factory Reactor | |
| 143 | 8:14 | Marauder | |
| 143 | 8:17 | Marine x2 | |
| 143 | 8:18 | Marine | |
| 148 | 8:21 | Marine | |
| 148 | 8:23 | Supply Depot | |
| 149 | 8:29 | Marine | |
| 149 | 8:35 | Marauder | |
| 147 | 8:42 | Marauder x2, Marine | |
| 147 | 8:43 | Widow Mine | |
| 147 | 8:44 | Medivac x2 | |
| 147 | 8:45 | SCV x2 | |
| 160 | 8:55 | Terran Vehicle And Ship Armor Level 1 | |
| 158 | 8:56 | Planetary Fortress, Marauder | |
| 158 | 8:59 | Widow Mine x2 | |
| 164 | 9:03 | Command Center, Barracks Tech Lab, Barracks Reactor, Supply Depot | |
| 164 | 9:04 | Barracks Tech Lab, Widow Mine | |
| 166 | 9:11 | Supply Depot | |
| 166 | 9:21 | Widow Mine x2 | |
| 166 | 9:23 | Medivac | |
| 166 | 9:25 | Medivac | |
| 166 | 9:26 | Widow Mine | |
| 170 | 9:32 | Barracks x2, Factory | |
| 170 | 9:33 | SCV | |
| 170 | 9:35 | Supply Depot | |
| 175 | 9:38 | Marauder x2 | |
| 175 | 9:40 | SCV | |
| 175 | 9:41 | SCV x2 | |
| 175 | 9:42 | Widow Mine x2 | |
| 175 | 9:45 | SCV | |
| 183 | 9:47 | Widow Mine | |
| 185 | 9:53 | Sensor Tower, Medivac | |
| 185 | 9:55 | Medivac | |
| 189 | 10:03 | Marine | |
| 189 | 10:04 | Marauder, Marine x2 | |
| 189 | 10:05 | Marauder x2 | |
| 189 | 10:06 | Widow Mine | |
| 194 | 10:18 | Widow Mine x2 | |
| 194 | 10:19 | Widow Mine | |
| 194 | 10:21 | Barracks Tech Lab x2 | |
| 196 | 10:23 | Medivac | |
| 196 | 10:25 | Medivac | |
| 195 | 10:30 | Marine x2 | |
| 195 | 10:31 | Marauder x2 | |
| 195 | 10:33 | SCV x3 | |
| 183 | 10:36 | Marine x2, Marauder x2 | |
| 183 | 10:38 | Widow Mine | |
| 183 | 10:40 | Widow Mine | |
| 177 | 10:45 | SCV x3 | |
| 174 | 10:50 | Planetary Fortress | |
| 174 | 10:53 | Marine x2, Marauder, Medivac | |
| 174 | 10:55 | Medivac | |
| 180 | 10:57 | SCV x2 | |
| 180 | 10:58 | SCV | |
| 180 | 10:59 | SCV | |
| 180 | 11:03 | Factory Reactor | |
| 182 | 11:09 | SCV x2 | |
| 182 | 11:10 | SCV | |
| 185 | 11:11 | Terran Infantry Weapons Level 3 | |
| 185 | 11:12 | SCV | |
| 186 | 11:19 | Marine x2 | |
| 186 | 11:20 | Marauder x2 | |
| 186 | 11:21 | SCV | |
| 186 | 11:22 | SCV x2 | |
| 195 | 11:27 | Marine, Marauder | |
| 195 | 11:28 | Marauder | |
| 200 | 11:40 | Terran Vehicle And Ship Armor Level 2, Command Center | |
| 200 | 11:41 | Terran Infantry Armor Level 3 | |
| 200 | 12:18 | Command Center x2 | |
| 200 | 12:19 | Command Center | |
| 170 | 12:27 | Marine | |
| 170 | 12:28 | Marine x4, Marauder x3 | |
| 170 | 12:29 | Marine, Marauder x3 | |
| 177 | 12:42 | Widow Mine | |
| 177 | 12:44 | Widow Mine x2 | |
| 181 | 12:45 | Marine | |
| 181 | 12:46 | Marine x2 | |
| 181 | 12:49 | Marauder x2 | |
| 181 | 12:50 | Marauder x4 | |
| 194 | 12:57 | Medivac x2 | |
| 190 | 13:06 | Widow Mine x2 | |
| 190 | 13:07 | Sensor Tower | |
| 190 | 13:11 | Marauder x2 | |
| 190 | 13:12 | Marauder | |
| 200 | 13:16 | Widow Mine | |
| 200 | 13:17 | Command Center | |
| 200 | 13:32 | Command Center | |
| 200 | 13:34 | Starport | |
| 200 | 13:38 | Starport | |
| 189 | 13:44 | Marine, Marauder x2 | |
| 189 | 13:45 | Marauder x5, Marine x2 | |
| 200 | 13:48 | Neosteel Armor | |
| 190 | 14:03 | Marine x2 | |
| 190 | 14:04 | Marine x2 | |
| 190 | 14:06 | Marauder x3 | |
| 190 | 14:08 | Planetary Fortress | |
| 193 | 14:12 | Widow Mine | |
| 193 | 14:13 | Widow Mine x2 | |
| 193 | 14:16 | Marine | |
| 200 | 14:18 | Hi-Sec Auto Tracking | |
| 200 | 14:19 | Orbital Command | |
| 200 | 14:20 | Marine | |
| 200 | 14:22 | Marine | |
| 200 | 14:23 | Orbital Command | |
| 200 | 14:24 | Sensor Tower | |
| 200 | 14:25 | Command Center | |
| 200 | 14:46 | Planetary Fortress | |
| 200 | 14:48 | Command Center | |
| 198 | 14:53 | Marine x2 | |
| 198 | 14:56 | Marauder | |
| 198 | 14:57 | Widow Mine | |
| 200 | 15:21 | Marauder x5, Marine x2 | |
| 184 | 15:22 | Widow Mine x3 | |
| 184 | 15:23 | Medivac | |
| 184 | 15:24 | Widow Mine x2, Marine x3 | |
| 184 | 15:25 | Marine, Marauder x2 | |
| 184 | 15:28 | Starport Reactor x2, Terran Vehicle And Ship Armor Level 3 | |
| 170 | 15:39 | Marine | |
| 170 | 15:42 | Marauder x3 | |
| 177 | 15:43 | Marauder x2, Orbital Command, Widow Mine x3 | |
| 177 | 15:46 | Widow Mine x2, Marauder x2 | |
| 177 | 15:49 | Ghost Academy | |
| 189 | 15:50 | Marine | |
| 189 | 15:56 | Command Center | |
| 190 | 16:03 | Marine x2, Marauder | |
| 190 | 16:04 | Marine, Marauder x4 | |
| 198 | 16:05 | Widow Mine | |
| 198 | 16:10 | Marine | |
| 200 | 16:17 | Marine x2 | |
| 199 | 16:40 | Marine | |
| 167 | 16:47 | Marauder x4, Marine | |
| 167 | 16:48 | Widow Mine x4 | |
| 167 | 16:49 | Widow Mine | |
| 167 | 16:51 | Marine x2 | |
| 167 | 16:52 | Marine x2, Marauder x3 | |
| 179 | 16:58 | Marine | |
| 179 | 16:59 | Medivac x2 | |
| 171 | 17:05 | Marine | |
| 171 | 17:07 | SCV x3 | |
| 171 | 17:08 | SCV x3, Marauder x3 | |
| 180 | 17:09 | Marauder, Marine x4, Widow Mine | |
| 180 | 17:10 | Widow Mine | |
| 180 | 17:11 | Widow Mine x2 | |
| 180 | 17:13 | Marauder x2 | |
| 180 | 17:14 | Marauder | |
| 200 | 17:34 | Marauder | |
| 197 | 17:59 | Marine, Marauder | |
| 200 | 18:08 | Planetary Fortress | |
| 200 | 18:11 | Marine | |
| 200 | 18:16 | Barracks x2 | |
| 200 | 18:17 | Barracks x2 | |
| 200 | 18:26 | Marine x2 | |
| 200 | 18:27 | Marauder | |
| 200 | 18:28 | Marine, Marauder x3 | |
| 200 | 18:29 | Widow Mine | |
| 200 | 18:30 | Marine x3 | |
| 200 | 18:31 | Marauder x3 | |
| 200 | 18:33 | Widow Mine x2 | |
| 169 | 18:43 | Medivac x2 | |
| 169 | 18:44 | Marine x2 | |
| 169 | 18:45 | Marine | |
| 169 | 18:48 | Marauder, Marine x3 | |
| 175 | 18:49 | Marauder x3 | |
| 175 | 18:52 | Marauder x3 | |
| 187 | 19:02 | Marine x2, Planetary Fortress | |
| 188 | 19:03 | Marine | |
| 188 | 19:06 | Marine x3 | |
| 188 | 19:09 | Marauder | |
| 194 | 19:11 | Marauder x3 | |
| 194 | 19:14 | Marauder x3 | |
| 185 | 19:17 | SCV x2 | |
| 185 | 19:18 | SCV | |
| 185 | 19:19 | Refinery x2, Marine | |
| 185 | 19:20 | Marine | |
| 185 | 19:21 | Widow Mine x3, Medivac x2, Marine | |
| 185 | 19:24 | Marine x5, Barracks Tech Lab | |
| 195 | 19:29 | Widow Mine | |
| 200 | 19:32 | Refinery | |
| 200 | 19:39 | Refinery | |
| 200 | 19:41 | Refinery | |
| 200 | 19:52 | Command Center | |
| 196 | 19:53 | Command Center | |
| 196 | 19:55 | Viking x2 | |
| 196 | 20:02 | Missile Turret | |
| 196 | 20:04 | Viking x2 | |
| 191 | 20:10 | Viking x2 | |
| 183 | 20:14 | Marine | |
| 183 | 20:15 | Marine x2, Marauder x3 | |
| 183 | 20:21 | Marine x3, Marauder | |
| 189 | 20:25 | Viking x2 | |
| 182 | 20:30 | Marine x2 | |
| 182 | 20:31 | Marine, Marauder x3 | |
| 182 | 20:32 | Marine x3 | |
| 182 | 20:33 | SCV | |
| 194 | 20:36 | Marine x3 | |
| 194 | 20:37 | SCV x3 | |
| 193 | 20:58 | Marine | |
| 193 | 20:59 | Marauder x4 | |
| 193 | 21:00 | Widow Mine x2 | |
| 193 | 21:01 | Widow Mine x2 | |
| 193 | 21:02 | Viking | |
| 198 | 21:04 | Marauder, Marine | |
| 198 | 21:05 | Marine x2, Marauder x3 | |
| 198 | 21:10 | Viking x2 | |
| 196 | 21:12 | Widow Mine | |
| 196 | 21:13 | Marine x4 | |
| 196 | 21:16 | Marine | |
| 175 | 21:20 | Orbital Command, Marauder x4 | |
| 175 | 21:22 | Widow Mine x3, Marine x2 | |
| 175 | 21:23 | Marine | |
| 192 | 21:25 | Marauder | |
| 192 | 21:26 | Marine, Marauder | |
| 192 | 21:27 | Marauder | |
| 192 | 21:28 | Orbital Command | |
| 192 | 21:31 | Marine x4 | |
| 199 | 21:34 | Marine | |
| 200 | 21:40 | Marine | |
| 200 | 21:41 | Marauder x2 | |
| 200 | 21:45 | Marauder, Marine x2 | |
| 200 | 21:46 | Marauder x2 | |
| 200 | 21:47 | Marauder, Viking | |
| 195 | 21:48 | Marauder x2, Marine | |
| 195 | 21:49 | Marine x2 | |
| 196 | 21:55 | Marine x2 | |
| 196 | 21:58 | Marine | |
| 198 | 22:03 | Marauder | |
| 198 | 22:05 | Marine | |
| 198 | 22:06 | Marine | |
| 173 | 22:10 | Marauder x2 | |
| 173 | 22:11 | Marine, Marauder | |
| 177 | 22:17 | Marauder x3 | |
| 177 | 22:19 | Marine | |
| 177 | 22:20 | Marine x2 | |
| 184 | 22:24 | Marauder x2 | |
| 184 | 22:27 | Widow Mine x3 | |
| 184 | 22:28 | Widow Mine x2 | |
| 170 | 22:36 | Marine x3, Marauder | |
| 170 | 22:37 | Marauder | |
| 176 | 22:46 | Marauder | |
| 176 | 22:47 | Marine | |
| 176 | 22:48 | Widow Mine x2 | |
| 176 | 22:50 | Widow Mine x3 | |
| 189 | 22:52 | SCV | |
| 190 | 23:04 | SCV | |
| 191 | 23:08 | Marine x2, Marauder x2 | |
| 191 | 23:10 | Widow Mine | |
| 199 | 23:17 | SCV | |
| 200 | 23:26 | Marine x2, Marauder | |
| 200 | 23:27 | Marauder | |
| 182 | 23:32 | Marine, Marauder | |
| 185 | 23:35 | Marine, Marauder | |
| 185 | 23:37 | Marine | |
| 185 | 23:38 | Marauder, Marine | |
| 185 | 23:39 | Marauder | |
| 184 | 23:44 | Marine x2, Marauder | |
| 184 | 23:45 | Marauder | |
| 184 | 23:48 | Marauder x2 | |
| 172 | 23:58 | Marine | |
| 172 | 24:00 | Marine x2 | |
| 172 | 24:01 | Marauder | |
| 167 | 24:15 | Marine x2, Marauder x2 | |
| 171 | 24:17 | Widow Mine x2, Medivac x2 | |
| 171 | 24:19 | Medivac | |
| 173 | 24:35 | Marine x2 | |